 Dungeon Crawl Stone Soup version 0.30-a0-381-g6ea064c7b4 (webtiles) character file.

Game seed: 16584950724880314953

39 KennySheep the Shooter (level 3, -6/29 HPs)
             Began as a Demigod Hunter on Dec 2, 2022.
             Mangled by a gnoll
             ... wielding a +0 whip
              (8 damage)
             ... on level 2 of the Dungeon.
             The game lasted 00:02:38 (692 turns).

KennySheep the Shooter (Demigod Hunter)              Turns: 692, Time: 00:02:39

Health: -6/29      AC:  3    Str: 12    XL:     3   Next: 11%
Magic:  5/5        EV: 12    Int: 11    God:
Gold:   42         SH:  0    Dex: 21    Spells: 2/2 levels left

rFire   . . .      SeeInvis .    a - +0 shortbow
rCold   . . .      Faith    .    (shield currently unavailable)
rNeg    . . .      Spirit   .    c - +0 leather armour
rPois   .          Reflect  .    (no helmet)
rElec   .          Harm     .    (no cloak)
rCorr   .          Rampage  .    (no gloves)
Will    .....                    (no boots)
Stlth   ++........               (no amulet)
HPRegen 0.24/turn                (no ring)
MPRegen 0.09/turn                (no ring)

@: brilliant
A: high MP 1, forlorn, divine attributes
a: no special abilities


You were on level 2 of the Dungeon.
You visited 1 branch of the dungeon, and saw 2 of its levels.

You collected 42 gold pieces.

Inventory:

Hand Weapons
 a - a +0 shortbow (weapon)
Armour
 c - a +0 leather armour (worn)
Jewellery
 f - a ring of willpower
 h - a ring of positive energy
Scrolls
 b - a scroll of immolation
 d - a scroll of magic mapping {unknown}
 g - a scroll of blinking {unknown}
 i - 3 scrolls of identify {unknown}
 j - a scroll of amnesia {unknown}
 l - 2 scrolls of noise {unknown}
 m - a scroll of teleportation {unknown}
Potions
 e - a potion of brilliance
 k - a potion of cancellation {unknown}
 n - a potion of haste {unknown}


   Skills:
 + Level 2.2 Fighting
 * Level 4.0 Ranged Weapons
 + Level 2.1 Dodging
 + Level 1.5 Stealth


You had 2 spell levels left.
You didn't know any spells.
Your spell library contained the following spells:

 Spells                   Type           Power      Damage    Failure   Level
 Cigotuvi's Dreadful Rot  Necr/Pois/Air  0%         N/A       56%         2
 Poisonous Vapours        Pois/Air       0%         N/A       56%         2
 Mephitic Cloud           Conj/Pois/Air  0%         N/A       80%         3


Dungeon Overview and Level Annotations

Branches:
Dungeon (2/15)

Shops:
D:1 :


Innate Abilities, Weirdness & Mutations

You have an increased reservoir of magic. (+10% MP)
You shall have no god before yourself.
Your divine heritage dramatically boosts your attributes as you level up.


Message History

You shoot an arrow. The arrow hits the gnoll.
You kill the gnoll!
The gnoll closely misses you.
You have reached level 3!
Your experience leads to a dramatic increase in your attributes!
Increase (S)trength, (I)ntelligence, or (D)exterity?
You feel agile. x4
You shoot an arrow. The arrow closely misses the gnoll.
The arrow hits the gnoll but does no damage.
The gnoll hits you with a +0 whip.
You shoot an arrow. The arrow closely misses the gnoll.
The arrow hits the gnoll.
The gnoll is lightly wounded.
The gnoll hits you with a +0 whip!
You shoot an arrow.
The arrow hits the gnoll but does no damage.
The gnoll is heavily wounded.
The gnoll barely misses you. The gnoll hits you but does no damage.
You shoot an arrow. The arrow barely misses the gnoll. x2
The arrow hits the gnoll!
The gnoll is heavily wounded.
The gnoll hits you with a +0 whip.
You shoot an arrow.
The arrow hits the gnoll but does no damage.
The gnoll is heavily wounded.
The gnoll hits you with a +0 whip.
* * * LOW HITPOINT WARNING * * *
The gnoll hits you with a +0 whip.
* * * LOW HITPOINT WARNING * * *
You shoot an arrow. The arrow hits the gnoll.
The gnoll is almost dead.
The gnoll barely misses you.
You see here 6 javelins.
The gnoll attacks as you move away! The gnoll hits you with a +0 whip.
* * * LOW HITPOINT WARNING * * *
The gnoll attacks as you move away! The gnoll barely misses you.
It was a potion of brilliance.
You feel clever all of a sudden. The gnoll hits you with a +0 whip!
You die...

#....#~~~~######
#....###~~~~#
#......###~~~~
###........#####
#............ .#
#......#####. ..
#....### ..
#....# #.
###@...#
.###..####gg.####
........)g.###
####.#.##### ...
####


You could see 3 gnolls.

Vanquished Creatures
  A gnoll (D:2)
  2 dart slugs (D:2)
  4 ball pythons
  2 bats (D:1)
  5 endoplasms
  2 hobgoblins (D:1)
  2 jackals (D:2)
  3 kobolds
  A quokka (D:1)
  2 rats
24 creatures vanquished.

Notes
Turn   | Place    | Note
-------+----------+-------------------------------------------
     0 | D:1      | KennySheep the Demigod Hunter began the quest for the Orb.
     0 | D:1      | Reached XP level 1. HP: 17/17 MP: 3/3
     0 | D:1      | Noticed an ice dragon
     0 | D:1      | Noticed a shadow dragon
     3 | D:1      | Noticed an iron dragon
     3 | D:1      | Noticed a large abomination
     6 | D:1      | Noticed a shadow dragon
     8 | D:1      | Noticed an iron dragon
     9 | D:1      | Noticed a white draconian
    11 | D:1      | Noticed a large abomination
    11 | D:1      | Noticed a shadow dragon
    13 | D:1      | Noticed a yellow draconian
    13 | D:1      | Noticed an ice dragon
    16 | D:1      | Noticed a white draconian
    18 | D:1      | Noticed a tentacled monstrosity
    18 | D:1      | Noticed a large abomination
    20 | D:1      | Noticed an orb of fire
    20 | D:1      | Noticed an ice dragon
    55 | D:1      | Reached skill level 1 in Stealth
   147 | D:1      | Found Ryledghaig's Book Shop.
   214 | D:1      | Reached XP level 2. HP: 24/24 MP: 4/4
   444 | D:1      | Noticed a shadow dragon
   625 | D:2      | Reached skill level 4 in Ranged Weapons
   683 | D:2      | Reached XP level 3. HP: 24/29 MP: 5/5
   690 | D:2      | HP: 1/29 [gnoll/+0 whip (2)]
   692 | D:2      | Mangled by a gnoll

Illustrated notes

Levels and vault maps discovered:
D:1:      shiori_arrival_whats_in_store_for_you, layout_basic,
          dreamdust_ecumenical_altar_angels_and_demons, serial_shops,
          shop_fountains, minmay_misc_feat_plants
D:2:      layout_basic, chequers_serial_rivers_large_b, st_stairs_8,
          uniq_sigmund

Skill      XL: |  1  2 |
---------------+-------+-----
Stealth        | 1 |  1.5
Fighting       | 2 |  2.2
Dodging        | 2 |  2.1
Ranged Weapons | 4 |  4.0

Action                   || total
-------------------------++-------
 Fire: Shortbow          ||    78
  Use: Potion            ||     1
Armor: Leather armour    ||    10
Dodge: Dodged            ||    28

Table legend: (Time is in decaauts)
 A = Elapsed time spent in this place.
 B = Non-inter-level travel time spent in this place.
 C = Inter-level travel time spent in this place.
 D = Time resting spent in this place.
 E = Time spent auto-exploring this place.
 F = Levels seen in this place.
 G = Mean time per level.
                   A        B        C        D        E       F      G
               +--------+--------+--------+--------+--------+-----+--------+
         Total |    719 |    703 |     16 |      0 |    546 |   2 |  359.5 |
       Dungeon |    719 |    703 |     16 |      0 |    546 |   2 |  359.5 |
               +--------+--------+--------+--------+--------+-----+--------+

Top non-repeatable levels by time:
     D:1: 564 daAuts
     D:2: 155 daAuts
